Map: Inside and Out

Players

Aspera

  • Race: Zerg Zerg
  • Spawn Location: 1:00

Future - Winner!

  • Race: Terran Terran
  • Spawn Location: 7:00

Event: DreamHack SC2 Masters 2022 Atlanta (Offline)

VOD

Have the link to the VOD?

Description

Time

  • Played on: Nov. 18, 2022, 10:33 a.m.
  • Length: 5:06

All games in this series

Show
View Real Time Build Order
Export as new Build Order

Aspera Zerg 

Build Orders: Hatch First 

Get SALT Encoding   

  12  0:00  Drone  
  13  0:12  Overlord  
  13  0:16  Drone  
  14  0:30  Drone  
  14  0:31  Drone  
  16  0:47  Hatchery  
  15  0:51  Drone  
  15  0:54  Drone  
  17  0:58  Drone  
  18  1:07  Extractor  
  17  1:13  Spawning Pool  
  17  1:16  Drone  
  17  1:19  Drone  
  18  1:28  Drone  
  19  1:42  Drone  
  20  1:51  Drone  
  21  2:00  Queen x2  
  21  2:01  Zergling x4  
  27  2:18  Overlord  
  27  2:19  Hatchery  
  27  2:21  Drone  
  27  2:28  Drone  
  27  2:34  Spore Crawler  
  27  2:35  Drone  
  27  2:39  Extractor  
  27  2:45  Drone  
  27  2:49  Drone x2  
  27  2:50  Drone  
  31  2:53  Drone  
  32  2:59  Overlord  
  32  3:00  Metabolic Boost  
  32  3:01  Queen  
  35  3:05  Drone  
  35  3:11  Overlord  
  35  3:16  Queen  
  35  3:17  Drone  
  38  3:21  Drone x2  
  38  3:24  Drone x2  
  42  3:31  Drone x2  
  44  3:37  Roach Warren  
  44  3:38  Extractor  
  42  3:46  Zergling x10  
  47  3:50  Queen  
  49  4:03  Drone x6  
  47  4:25  Roach  
  47  4:26  Overlord x4  
  47  4:28  Overlord x2  
  49  4:34  Extractor  
  48  4:38  Roach  
  50  4:46  Roach x2  
Show
View Real Time Build Order
Export as new Build Order

Future Terran - Winner!

Build Orders: Hellion Opening, Reaper Expand 

Get SALT Encoding   

  12  0:00  SCV  
  13  0:12  SCV  
  14  0:16  Supply Depot  
  14  0:24  SCV  
  15  0:38  SCV  
  15  0:40  Barracks  
  16  0:44  Refinery  
  16  0:50  SCV  
  17  1:02  SCV  
  18  1:14  SCV  
  19  1:27  Reaper, Orbital Command  
  20  1:38  Command Center  
  20  1:49  Supply Depot  
  20  1:53  SCV  
  21  1:59  Marine  
  22  2:05  SCV  
  22  2:06  Factory  
  23  2:17  SCV  
  23  2:18  Refinery  
  23  2:21  Barracks Reactor  
  24  2:29  SCV  
  25  2:41  SCV  
  26  2:51  Orbital Command  
  26  2:53  SCV  
  26  2:54  Starport  
  27  3:03  Hellion x2  
  27  3:05  SCV  
  32  3:10  Barracks Tech Lab  
  32  3:13  Supply Depot  
  32  3:16  SCV  
  32  3:17  SCV  
  34  3:24  Hellion x2  
  38  3:28  SCV  
  38  3:29  SCV  
  38  3:31  Viking  
  42  3:34  Marine  
  42  3:40  SCV  
  44  3:41  SCV  
  44  3:46  Hellion x2  
  49  3:52  SCV  
  49  3:54  SCV  
  51  4:04  Command Center  
  51  4:06  SCV x2  
  53  4:14  Starport Tech Lab  
  53  4:18  SCV  
  53  4:20  SCV  
  53  4:21  Barracks  
  53  4:24  Factory Reactor  
  53  4:27  Barracks  
  53  4:31  SCV  
  54  4:35  Supply Depot  
  54  4:37  Supply Depot  
  54  4:45  Starport Reactor  
  54  4:53  Engineering Bay  
  54  4:54  Engineering Bay  
  54  4:55  Refinery  
  54  4:56  Refinery  
Tags
 
Add a new tag
Caveats
  • Supply blocks, unpowered buildings, or Contaminate may cause inaccurate times.
  • Supply counts are checked every 10 seconds.